 Dungeon Crawl Stone Soup version 0.19.1-1-g22dce08 (console) character file.

61132 Kloppie the Carver (level 14, -11/198 HPs)
             Began as a Black Draconian Berserker on Jan 19, 2017.
             Was a High Priest of Trog.
             Mangled by an orc warlord
             ... wielding a +4 vampiric war axe
              (30 damage)
             ... on level 10 of the Dungeon.
             The game lasted 00:26:20 (17563 turns).

Kloppie the Carver (Black Draconian Berserker)     Turns: 17563, Time: 00:26:20

Health: -11/198    AC: 12    Str: 24    XL:     14   Next: 59%
Magic:  15/15      EV: 21    Int:  8    God:    Trog [*****.]
Gold:   995        SH:  7    Dex: 16    Spells: 0 memorised, 13 levels left

rFire  + . .     SeeInvis .     a - +7 long sword {freeze, rPois}
rCold  . . .     Gourm    .     (armour unavailable)
rNeg   . . .     Faith    .     L - +2 buckler
rPois  +         Spirit   .     (helmet restricted)
rElec  +         Reflect  .     P - +0 cloak (curse)
rCorr  .         Harm     .     r - +1 pair of gloves
MR     +....                    t - +0 pair of boots
Stlth  ..........               (no amulet)
                                C - ring of protection from fire
                                e - +2 ring of evasion

@: berserking, very quick
A: breathe lightning, unfitting armour, big wings, high mp 1, electricity
resistance, cold-blooded, AC +8
a: Breathe Lightning, Fly, Berserk, Trog's Hand, Brothers in Arms, Burn
Spellbooks, Renounce Religion


You were on level 10 of the Dungeon.
You worshipped Trog.
Trog was extremely pleased with you.
You were hungry.

You visited 3 branches of the dungeon, and saw 16 of its levels.
You also visited: Volcano.

You collected 995 gold pieces.

Inventory:

Hand Weapons
 a - the +7 long sword "Ogrebane" (weapon) {freeze, rPois}
   (You found it on level 3 of the Lair of Beasts)

   It has been specially enchanted to freeze those struck by it, causing extra
   injury to most foes and up to half again as much damage against particularly
   susceptible opponents.
   It can also slow down cold-blooded creatures.
   It protects you from poison.
 b - a +3 scimitar of flaming
Missiles
 D - 6 tomahawks of returning (quivered)
Armour
 r - a +1 pair of gloves (worn)
 t - a +0 pair of boots (worn)
 L - a +2 buckler (worn)
 P - a cursed +0 cloak (worn)
Jewellery
 e - a +2 ring of evasion (left hand)
 k - an uncursed ring of protection from magic {unknown}
 B - a +2 ring of intelligence {unknown}
 C - a ring of protection from fire (right hand)
 K - an uncursed ring of protection from fire
 N - an uncursed ring of see invisible {unknown}
Wands
 y - a wand of disintegration (24/24)
 I - a wand of paralysis (12/24)
Scrolls
 c - a scroll of magic mapping
 d - a scroll of remove curse
 m - 3 scrolls of teleportation
 n - 8 scrolls of identify
 p - a scroll of summoning
 q - 3 scrolls of blinking
 A - 2 scrolls of brand weapon
 E - 3 scrolls of noise
 O - a scroll of enchant armour
 Q - a scroll of recharging
Potions
 f - 3 potions of haste
 g - 7 potions of flight
 h - 3 potions of might
 j - 7 potions of curing
 s - a potion of cancellation {unknown}
 u - a potion of cure mutation
 w - 2 potions of agility
 z - 3 potions of lignification
 G - a potion of brilliance {unknown}
 J - 3 potions of resistance
 M - a potion of invisibility
Books
 F - a book of Ice

   Spells                             Type                      Level
   a - Ice Form                       Ice/Transmutation            4
   b - Metabolic Englaciation         Hexes/Ice                    5
   c - Ozocubu's Refrigeration        Ice                          6
   d - Bolt of Cold                   Conjuration/Ice              6
   e - Freezing Cloud                 Conjuration/Ice/Air          6
   f - Simulacrum                     Ice/Necromancy               6
   Trog disapproves of the use of such an item.
 S - a book of Battle

   Spells                             Type                      Level
   a - Infusion                       Charms                       1
   b - Shroud of Golubria             Charms/Translocation         2
   c - Song of Slaying                Charms                       2
   d - Spectral Weapon                Hexes/Charms                 3
   e - Regeneration                   Charms/Necromancy            3
   Trog disapproves of the use of such an item.
Comestibles
 i - 5 slices of pizza
 l - 4 beef jerkies
 o - 3 meat rations
 v - 15 fruits
 x - 4 bread rations
 H - 5 royal jellies
 R - 12 chunks of flesh


   Skills:
 - Level 14.3 Fighting
 - Level 14.8 Long Blades
 - Level 8.8 Throwing
 + Level 9.3 Dodging
 - Level 4.4 Shields


You had 13 spell levels left.
You didn't know any spells.

Dungeon Overview and Level Annotations

Branches:
Dungeon (10/15)            Temple (0/1) D:6            Lair (5/6) D:10
  Swamp (0/4) Lair:4        Snake (0/4) Lair:4        Slime (0/5) Lair:5
    Orc (1/2) D:10

Altars:
Fedhas
Hepliaklqana
Okawaru
Ru
The Shining One
Jiyva

Shops:
D:4 [

Annotations:
Orc:1 Erolcha


Innate Abilities, Weirdness & Mutations

You can breathe wild blasts of lightning.
Your glossy black scales are hard. (AC +8)
You cannot fit into any form of body armour.
Your large and strong wings let you fly indefinitely.
You are resistant to electric shocks. (rElec)
You are cold-blooded and may be slowed by cold attacks.
You have an increased reservoir of magic. (+10% MP)


Message History

You closely miss the orc warlord.
The orc warlord is severely wounded.
You hit the orc warlord.
You tail-slap the orc warlord, but do no damage.
The orc warlord is severely wounded.
The orc warrior hits you with a hand axe!!
* * * LOW HITPOINT WARNING * * *
The orc warlord hits you with a vampiric war axe!!
* * * LOW HITPOINT WARNING * * *
You slash the orc warlord! You freeze the orc warlord.
The orc warlord is severely wounded.
You barely miss the orc warlord.
The orc warlord is severely wounded.
The orc warrior hits you with a hand axe!
* * * LOW HITPOINT WARNING * * *
You hit the orc warlord. You freeze the orc warlord.
You tail-slap the orc warlord.
The orc warlord is almost dead.
The orc warlord hits you with a vampiric war axe!!
You die...

###'######## ##.##########
...........# #......)....#
...........###...........#
...........#.......<.....#
...........#.#...........#
......[[...#.#...........#
......[....'.#..[........#
...........#####o#########
############ #@# #o###
#[..# ######'######
#####...........#
#####...'...........#
#####.....###...........#
......##### #...........#
####### #...........#


You could see an orc warlord and an orc warrior.

Vanquished Creatures
  Gastronok (Lair:2)
  A stone giant (Volcano)
  5 hydras
  Fannar (Lair:2)
  Erica (Lair:2)
  A tengu warrior (D:9)
  A deep elf mage (D:9)
  2 ugly things (D:9)
  A manticore (D:8)
  A wolf spider (D:9)
  2 black mambas (Lair:4)
  2 gargoyles (Volcano)
  The ghost of Dolanko the Cudgeler, a novice DsBe of Trog (D:6)
  3 rime drakes
  4 komodo dragons
  A spiny frog (Lair:4)
  An efreet (Volcano)
  A two-headed ogre (D:8)
  4 blink frogs (Lair:2)
  5 hippogriffs
  A meliai zombie (D:10)
  36 yaks
  4 wyverns
  3 hungry ghosts
  2 fire elementals (Volcano)
  A basilisk (Lair:3)
  A warg (D:10)
  6 nagas (Lair:4)
  5 water moccasins
  Duvessa (D:4)
  7 porcupines
  2 ice beasts (D:8)
  9 orc warriors
  A black bear (D:8)
  A phantom (D:4)
  A necrophage (D:7)
  7 ogres
  4 wolves
  4 centaurs
  10 crocodiles
  Blork the orc (D:4)
  10 bullfrogs
  2 earth elementals (Volcano)
  Dowan (D:4)
  4 scorpions
  A wyvern skeleton (D:9)
  14 killer bees
  3 wights (D:7)
  4 howler monkeys
  2 electric eels (D:7)
  A lava snake (D:8)
  A centaur zombie (D:8)
  2 crimson imps
  2 quasits
  5 jellies
  4 bullfrog skeletons
  7 orc priests
  A bullfrog zombie (D:9)
  6 hounds
  A centaur skeleton (D:9)
  2 iguanas
  9 worker ants
  9 orc wizards
  A hound skeleton (D:4)
  7 gnolls
  10 adders
  A shadow imp (D:6)
  A worker ant simulacrum (D:9)
  5 oozes (D:8)
  3 adder skeletons
  An adder zombie (D:8)
  12 dart slugs
  2 worms
  3 leopard geckos
  40 orcs
  3 giant cockroaches
  5 goblins
  6 hobgoblins
  5 jackals
  3 kobolds
  7 quokkas
  A ball python skeleton (D:6)
  7 bats
  2 frilled lizards
  A jackal skeleton (D:4)
  5 rats
368 creatures vanquished.

Vanquished Creatures (others)
  Maurice (D:10)
  An orc wizard (D:9)
  An orc (Orc:1)
  4 fungi
  A plant (Lair:5)
8 creatures vanquished.

Grand Total: 376 creatures vanquished

Notes
Turn   | Place    | Note
-------+----------+-------------------------------------------
     0 | D:1      | Kloppie the Draconian Berserker began the quest for the Orb.
     0 | D:1      | Reached XP level 1. HP: 19/19 MP: 1/1
   307 | D:1      | Reached XP level 2. HP: 17/26 MP: 2/2
   863 | D:2      | Reached XP level 3. HP: 14/33 MP: 3/3
  1894 | D:3      | Reached XP level 4. HP: 35/41 MP: 4/4
  1915 | D:3      | Reached ** piety under Trog
  2218 | D:4      | Noticed a phantom
  2248 | D:4      | Killed a phantom
  2248 | D:4      | Reached skill level 5 in Fighting
  2248 | D:4      | Reached XP level 5. HP: 11/48 MP: 5/5
  2479 | D:4      | Reached skill level 5 in Long Blades
  2729 | D:4      | Reached XP level 6. HP: 49/57 MP: 6/6
  2794 | D:4      | Noticed Blork the orc
  2807 | D:4      | Killed Blork the orc
  3363 | D:4      | Noticed Dowan
  3365 | D:4      | Noticed Duvessa
  3377 | D:4      | Your scales start taking on a glossy black colour.
  3377 | D:4      | Reached XP level 7. HP: 64/64 MP: 7/7
  3377 | D:4      | Gained mutation: You are resistant to electric shocks. (rElec) [Black Draconian growth]
  3385 | D:4      | Killed Duvessa
  3405 | D:4      | Killed Dowan
  3615 | D:4      | Found Jeoppo's Armour Emporium.
  3686 | D:4      | Found a glowing golden altar of the Shining One.
  3875 | D:5      | Entered Level 5 of the Dungeon
  3916 | D:5      | Found an iron altar of Okawaru.
  4128 | D:5      | Found a hazy altar of Hepliaklqana.
  4519 | D:5      | HP: 2/67 [orc priest/divine providence (13)]
  4996 | D:5      | Found a glowing golden altar of the Shining One.
  5057 | D:5      | Reached XP level 8. HP: 74/74 MP: 8/8
  5422 | D:6      | Found a staircase to the Ecumenical Temple.
  5543 | D:6      | Found a blossoming altar of Fedhas.
  5634 | D:6      | Noticed Dolanko's ghost (novice DsBe)
  5658 | D:6      | Killed Dolanko's ghost
  6241 | D:7      | Reached XP level 9. HP: 34/85 MP: 9/9
  6247 | D:7      | Reached *** piety under Trog
  7754 | D:8      | Reached skill level 5 in Dodging
  7787 | D:8      | Reached skill level 10 in Long Blades
  8172 | D:8      | Received a gift from Trog
  8516 | D:8      | Reached XP level 10. HP: 87/92 MP: 10/10
  8910 | D:8      | Found a sacrificial altar of Ru.
  8987 | D:8      | Reached skill level 1 in Shields
  9253 | D:9      | Noticed a manticore
  9278 | D:8      | Killed a manticore
  9584 | D:8      | Reached **** piety under Trog
 10363 | D:9      | Noticed a tengu warrior
 10364 | D:9      | Noticed a cyan ugly thing
 10365 | D:9      | Noticed a cyan ugly thing
 10378 | D:9      | Killed a tengu warrior
 10385 | D:9      | Killed a cyan ugly thing
 10385 | D:9      | Reached XP level 11. HP: 91/99 MP: 11/11
 10390 | D:9      | Killed a green ugly thing
 10454 | D:9      | Noticed a deep elf mage
 10454 | D:9      | Noticed a wolf spider
 10459 | D:9      | Killed a deep elf mage
 10466 | D:9      | Killed a wolf spider
 11195 | D:9      | Gained mutation: You have an increased reservoir of magic. (+10% MP) [potion of mutation]
 11196 | D:9      | Reached XP level 12. HP: 106/106 MP: 11/13
 11198 | D:10     | Entered Level 10 of the Dungeon
 11360 | D:10     | Reached ***** piety under Trog
 11528 | D:10     | Found a staircase to the Orcish Mines.
 11550 | D:10     | Found a staircase to the Lair.
 11856 | Lair:1   | Entered Level 1 of the Lair of Beasts
 12034 | Lair:1   | Reached skill level 10 in Fighting
 12249 | Lair:1   | Reached skill level 1 in Throwing
 12273 | Lair:1   | Received a gift from Trog
 12776 | Lair:2   | Noticed Fannar
 12794 | Lair:2   | Killed Fannar
 12951 | Lair:2   | Noticed a four-headed hydra
 12976 | Lair:2   | Killed a four-headed hydra
 13168 | Lair:2   | Noticed Erica
 13176 | Lair:2   | Killed Erica
 13176 | Lair:2   | Reached skill level 5 in Throwing
 13365 | Lair:2   | HP: 5/107 [komodo dragon (25)]
 13670 | Lair:2   | Reached XP level 13. HP: 94/114 MP: 14/14
 13732 | Lair:2   | Noticed Gastronok
 13748 | Lair:2   | Killed Gastronok
 14409 | Lair:3   | Got a dazzling long sword
 14608 | Lair:3   | Found a dark tunnel.
 14614 | Volcano  | Entered a volcano
 14723 | Volcano  | Noticed a stone giant
 14735 | Volcano  | Killed a stone giant
 14780 | Volcano  | Got a smoking hat
 14861 | Volcano  | Identified the +0 hat of Plog {MR- Str+5 Int+4} (You found it in a volcano)
 14867 | Volcano  | Identified the +7 long sword "Ogrebane" {freeze, rPois} (You found it on level 3 of the Lair of Beasts)
 14971 | Lair:3   | Gained mutation: Your large and strong wings let you fly indefinitely. [Black Draconian growth]
 14971 | Lair:3   | Reached XP level 14. HP: 127/127 MP: 15/15
 15565 | Lair:4   | Found a staircase to the Snake Pit.
 15976 | Lair:4   | Found a staircase to the Swamp.
 16630 | Lair:5   | Found a staircase to the Slime Pits.
 16632 | Lair:5   | Found a viscous altar of Jiyva.
 17372 | Orc:1    | Entered Level 1 of the Orcish Mines
 17377 | Orc:1    | Noticed an orc warlord
 17380 | Orc:1    | Noticed Maurice
 17480 | Orc:1    | Noticed Erolcha
 17496 | D:10     | Killed Maurice
 17563 | D:10     | Mangled by an orc warlord

Skill      XL: |  1  2  3  4  5  6  7  8  9 10 11 12 13 14 |
---------------+-------------------------------------------+-----
Fighting       | 4 5 6 7 9 10 12 14 | 14.3
Long Blades    | 4 5 6 7 8 10 12 14 | 14.8
Dodging        | 6 7 8 9 |  9.3
Shields        | 4 |  4.4
Throwing       | 6 8 |  8.8

Action                   |  1- 3 |  4- 6 |  7- 9 | 10-12 | 13-15 || total
-------------------------+-------+-------+-------+-------+-------++-------
Melee: Falchion          |    97 |   139 |   468 |   596 |    90 ||  1390
       Tailslap          |    12 |    17 |    91 |   131 |    58 ||   309
       Rapier            |       |       |       |    17 |       ||    17
       Scimitar          |       |       |       |       |    28 ||    28
       Long sword        |       |       |       |       |   181 ||   181
Throw: Tomahawk          |       |       |       |     2 |       ||     2
Invok: Trog's Hand       |       |     2 |     2 |     4 |     2 ||    10
       Berserk           |       |     3 |     8 |    11 |     4 ||    26
 Abil: Breathe Lightning |       |       |     2 |     1 |       ||     3
  Use: Scroll            |     4 |       |    14 |     5 |     4 ||    27
       Potion            |       |       |    12 |     2 |     1 ||    15
 Stab: Sleeping          |     2 |       |     3 |     1 |       ||     6
  Eat: Chunk             |     3 |     7 |    18 |    24 |    11 ||    63
       Meat ration       |       |       |     1 |       |       ||     1
       Bread ration      |       |       |     1 |       |       ||     1
       Royal jelly       |       |       |       |     3 |     2 ||     5
       Beef jerky        |       |       |       |       |     1 ||     1
Armor: Skin              |    31 |    50 |    86 |    96 |    36 ||   299
Dodge: Dodged            |    69 |    71 |   310 |   356 |   163 ||   969
Block: Buckler           |       |       |       |   126 |    73 ||   199
       Rpst.: Falchion   |    22 |    20 |    79 |    92 |    10 ||   223
       Long sword        |       |       |       |       |    32 ||    32
       Scimitar          |       |       |       |       |     1 ||     1
